 Dungeon Crawl Stone Soup version 0.19.5 (webtiles) character file.

542 tidbits the Gusty (level 7, -7/41 HPs)
             Began as a High Elf Air Elementalist on Nov 9, 2017.
             Mangled by a wyvern zombie (8 damage)
             ... on level 8 of the Dungeon.
             The game lasted 00:11:31 (1223 turns).

tidbits the Gusty (High Elf Air Elementalist)       Turns: 1223, Time: 00:11:31

Health: -7/41      AC:  3    Str:  8    XL:     7   Next: 6%
Magic:  8/11       EV: 13    Int: 19    God:
Gold:   90         SH:  0    Dex: 17    Spells: 4 memorised, 3 levels left

rFire  . . .     SeeInvis .     a - +0 scimitar
rCold  . . .     Gourm    .     n - +0 robe
rNeg   . . .     Faith    .     (no shield)
rPois  .         Spirit   .     (no helmet)
rElec  .         Reflect  .     C - +0 cloak
rCorr  .         Harm     .     (no gloves)
MR     .....                    (no boots)
Stlth  ++........               (no amulet)
                                (no ring)
                                (no ring)

@: repel missiles
A: no striking features
a: no special abilities


You were on level 8 of the Dungeon.
You were very hungry.

You visited 1 branch of the dungeon, and saw 6 of its levels.

You collected 90 gold pieces.

Inventory:

Hand Weapons
 a - a +0 scimitar (weapon)
   (You took it off an orc warrior on level 5 of the Dungeon)
 p - a +0 short sword
   (You found it on level 2 of the Dungeon)
 x - a +0 shortbow
   (You took it off a centaur on level 5 of the Dungeon)
Missiles
 q - a stone (quivered)
 u - 57 arrows
Armour
 n - a +0 robe (worn)
 v - a +0 buckler
   (You found it on level 5 of the Dungeon)
 C - a +0 cloak (worn)
   (You found it on level 5 of the Dungeon)
Scrolls
 d - a scroll of random uselessness {unknown}
 e - a scroll of blinking {unknown}
 h - a scroll of teleportation {unknown}
 j - a scroll of identify {unknown}
 m - a scroll of magic mapping {unknown}
 o - 2 scrolls of amnesia {unknown}
 r - 2 scrolls of remove curse
 s - a scroll of recharging {unknown}
 w - 2 scrolls of enchant weapon {unknown}
 y - a scroll of immolation {unknown}
Potions
 g - a potion of flight
 i - a potion of cure mutation {unknown}
 k - a potion of curing {unknown}
 l - a potion of mutation {unknown}
 t - a potion of magic
 z - a potion of might {unknown}
 A - a potion of haste {unknown}
 B - a potion of resistance {unknown}
Books
 b - a book of Air

   Spells                             Type                      Level
   a - Shock                          Conjuration/Air              1
   b - Swiftness                      Charms/Air                   2
   c - Repel Missiles                 Charms/Air                   2
   d - Static Discharge               Conjuration/Air              3
   e - Lightning Bolt                 Conjuration/Air              5
Comestibles
 c - 2 bread rations


   Skills:
 + Level 2.5 Long Blades
 - Level 2.1 Dodging
 - Level 2.1 Stealth
 + Level 1.8 Shields
 - Level 2.5 Spellcasting
 - Level 5.1 Conjurations
 - Level 6.6 Air Magic


You had 3 spell levels left.
You knew the following spells:

 Your Spells              Type           Power        Failure   Level  Hunger
a - Shock                 Conj/Air       ###.         1%          1    #......
d - Static Discharge      Conj/Air       ###.....     4%          3    ###....
m - Repel Missiles        Chrm/Air       ###...       10%         2    ##.....
W - Swiftness             Chrm/Air       ###.....     10%         2    ##.....


Dungeon Overview and Level Annotations

Branches:
Dungeon (5/15)
 Temple: D:4-7

Altars:
Ashenzari

Annotations:
D:5 1 exclusion


Message History

There is an entrance to a sewer on this level.
Hurry and find it before the portal rusts away!
Level annotation: 1 exclusion
There is a stone staircase leading up here.
You hear the rusting of a drain.
Found 15 gold pieces.
Found a stone staircase leading down.
You now have 90 gold pieces (gained 15).
There is a stone staircase leading down here.
Found a cloak.
You see here a cloak.
A - a cloak You are starting to lose your buoyancy.
Wear which item? (? for menu, Esc to quit)
You start putting on your armour.
You continue putting on your cloak. x4
You finish putting on your +0 cloak.
Adjust (i)tems, (s)pells, or (a)bilities?
Adjust which item? (? for menu, Esc to quit)
A - a +0 cloak (worn)
Adjust to which letter? (? for menu, Esc to quit)
C - a +0 cloak (worn)
You float gracefully downwards.
You hear the brisk rusting of a distant drain.
Found a murky dark potion.
A - a murky dark potion
Found a leather armour.
You fall through a shaft for 3 floors!
The shaft crumbles and collapses.
A hound zombie comes into view.
Found a stone staircase leading down.
Casting: Shock
Confirm with . or Enter, or press ? or * to list all spells.
You don't know that spell.
Casting: Shock
Confirm with . or Enter, or press ? or * to list all spells.
Aiming: Shock
Press: ? - help, Shift-Dir - straight line, f - hound zombie
Aim: a hound zombie (resting)
The zap hits the hound zombie.
The hound zombie is lightly damaged.
You are feeling very hungry.
Casting: Shock
Confirm with . or Enter, or press ? or * to list all spells.
Aiming: Shock
Press: ? - help, Shift-Dir - straight line, p - hound zombie The zap hits the hound zombie.
The hound zombie is lightly damaged.
The zap hits the hound zombie.
The hound zombie is heavily damaged.
The hound zombie bites you but does no damage.
The hound zombie completely misses you.
Casting: Shock
Confirm with . or Enter, or press ? or * to list all spells.
Aiming: Shock
Press: ? - help, Shift-Dir - straight line The zap hits the hound zombie.
The hound zombie is heavily damaged.
The zap misses the hound zombie.
The hound zombie bites you.
Casting: Shock
Confirm with . or Enter, or press ? or * to list all spells.
Aiming: Shock
Press: ? - help, Shift-Dir - straight line The zap hits the hound zombie.
The hound zombie is severely damaged.
The zap hits the hound zombie.
The hound zombie is almost destroyed.
The hound zombie barely misses you.
Casting: Shock
Confirm with . or Enter, or press ? or * to list all spells.
Aiming: Shock
Press: ? - help, Shift-Dir - straight line The zap hits the hound zombie.
You destroy the hound zombie!
Found 21 arrows.
Found 18 sling bullets.
Found a fizzy inky potion.
There is a stone staircase leading down here.
u - 57 arrows (gained 21)
There are no items here.
A quokka and a zombie come into view.
Found a runed war axe.
You see here a fizzy inky potion.
B - a fizzy inky potion
Found a meat ration.
Casting: Shock
Confirm with . or Enter, or press ? or * to list all spells.
Aiming: Shock
Press: ? - help, Shift-Dir - straight line The zap hits the wyvern zombie.
The wyvern zombie is lightly damaged.
The zap hits the wyvern zombie.
The wyvern zombie is moderately damaged.
The wyvern zombie bites you!
* * * LOW HITPOINT WARNING * * *
The wyvern zombie bites you!
* * * LOW HITPOINT WARNING * * *
Okay, then.
As you read the scroll of fear, it crumbles to dust.
You assume a fearsome visage.
The wyvern zombie is unaffected.
The wyvern zombie bites you!
You die...

##### #.## # ...#
#..# ..
#######.###..#
.............>..#
....###.(.......###
..........###....#
.#.............###
.....#.##Z#........#
.... #..@........#.#
.................#.#
............#.#.#.#
............#.....#
.........##.#######
..#..).... ...
....%##..####### .##
##.#


You could see a wyvern zombie.

Vanquished Creatures
  Grinder (D:3)
  An orc warrior (D:5)
  A centaur (D:5)
  A scorpion (D:5)
  An orc priest (D:5)
  Jessica (D:2)
  A worker ant (D:5)
  A hound zombie (D:8)
  An ooze (D:1)
  2 leopard geckos
  3 orcs (D:5)
  A goblin (D:2)
  5 hobgoblins
  2 kobolds
  2 bats
  7 frilled lizards
  2 rats (D:2)
33 creatures vanquished.

Notes
Turn   | Place    | Note
-------+----------+-------------------------------------------
     0 | D:1      | tidbits the High Elf Air Elementalist began the quest for the Orb.
     0 | D:1      | Reached XP level 1. HP: 11/11 MP: 4/4
   261 | D:2      | Reached skill level 4 in Air Magic
   261 | D:2      | Reached XP level 2. HP: 12/17 MP: 3/6
   341 | D:1      | Found a shattered altar of Ashenzari.
   357 | D:1      | Reached skill level 2 in Conjurations
   419 | D:2      | Noticed Jessica
   423 | D:2      | Killed Jessica
   423 | D:2      | Reached XP level 3. HP: 21/21 MP: 2/7
   439 | D:2      | Learned a level 2 spell: Repel Missiles
   443 | D:2      | Learned a level 3 spell: Static Discharge
   794 | D:3      | Noticed Grinder
   807 | D:3      | Paralysed by Grinder for 4 turns
   814 | D:3      | Paralysed by Grinder for 7 turns
   822 | D:3      | Killed Grinder
   822 | D:3      | Reached skill level 4 in Conjurations
   822 | D:3      | Reached skill level 6 in Air Magic
   822 | D:3      | Reached XP level 4. HP: 20/27 MP: 1/8
   822 | D:3      | Reached XP level 5. HP: 23/31 MP: 1/9
   838 | D:3      | Learned a level 2 spell: Swiftness
   867 | D:5      | Entered Level 5 of the Dungeon
   916 | D:5      | Noticed an orc warrior
   951 | D:5      | Reached XP level 6. HP: 36/36 MP: 2/10
   951 | D:5      | Killed an orc warrior
   951 | D:5      | Reached skill level 5 in Conjurations
  1035 | D:5      | Reached skill level 1 in Long Blades
  1035 | D:5      | Reached skill level 1 in Shields
  1054 | D:5      | Reached skill level 2 in Long Blades
  1081 | D:5      | Reached XP level 7. HP: 14/41 MP: 3/11
  1190 | D:5      | You fall through a shaft for 3 floors!
  1222 | D:8      | HP: 1/41 [wyvern zombie (11)]
  1223 | D:8      | Mangled by a wyvern zombie

Skill      XL: |  1  2  3  4  5  6 |
---------------+-------------------+-----
Air Magic      | 4 6 |  6.6
Conjurations   | 2 4 5 |  5.1
Long Blades    | 2 |  2.5
Shields        | 1 |  1.8
Dodging        | |  2.1
Stealth        | |  2.1
Spellcasting   | |  2.5

Action                   |  1- 3 |  4- 6 |  7- 9 || total
-------------------------+-------+-------+-------++-------
Melee: Unarmed           |     7 |       |       ||     7
 Cast: Shock             |    45 |    23 |     8 ||    76
       Repel Missiles    |     1 |       |       ||     1
  Use: Potion            |     1 |     1 |     2 ||     4
       Scroll            |       |     2 |     1 ||     3
Armor: Robe              |     3 |     1 |     1 ||     5
       Skin              |     8 |     2 |       ||    10
Dodge: Dodged            |    15 |     6 |     2 ||    23
       Rpst.: Scimitar   |       |     1 |       ||     1

Table legend:
 A = Turns spent in this place as a percentage of turns spent in the entire game.
 B = Non-inter-level travel turns spent in this place as a percentage of non-inter-level travel turns spent in the entire game.
 C = Inter-level travel turns spent in this place as a percentage of turns spent in this place.
 D = Turns resting spent in this place as a percentage of non-inter-level travel turns spent in this place.
 E = Turns spent auto-exploring this place as a percentage of non-inter-level travel turns spent in this place.
 F = Non-inter-level travel turns spent in this place divided by the number of levels of this place that you've seen.
                   A       B       C       D       E      F
               +-------+-------+-------+-------+-------+----------------------
         Total | 100.0 | 100.0 |   0.0 |   0.6 |   0.0 | 161.7
       Dungeon | 100.0 | 100.0 |   0.0 |   0.6 |   0.0 | 161.7
               +-------+-------+-------+-------+-------+----------------------

Table legend:
 A = Kills in this place as a percentage of kills in entire the game.
 B = Kills by you in this place as a percentage of kills by you in the entire game.
 C = Kills by friends in this place as a percentage of kills by friends in the entire game.
 D = Other kills in this place as a percentage of other kills in the entire game.
 E = Experience gained in this place as a percentage of experience gained in the entire game.
 F = Experience gained in this place divided by the number of levels of this place that you have seen.
                   A       B       C       D       E      F
               +-------+-------+-------+-------+-------+----------------------
         Total | 100.0 | 100.0 |  -nan |  -nan | 100.0 | 129.2
       Dungeon | 100.0 | 100.0 |  -nan |  -nan | 100.0 | 129.2
               +-------+-------+-------+-------+-------+----------------------

Vault maps used:
D:1:      dpeg_arrival_long_road, nicolae_ashenzari_panopticon
D:2:      first_bread, minmay_bisected, uniq_crazy_yiuf_cottage, uniq_jessica
D:3:      uniq_grinder
D:4:      chequers_temple_overflow_minitemple, serial_bayou_ford_a,
          yredelemnul_altar_generic, uniq_purgy, uniq_menkaure, uniq_natasha,
          uniq_edmund
D:5:      portal_sewer_entry_d
D:8:      lair_0_dummy
